 Dungeon Sprint DCSS version 0.26-a0-652-gafc20e3620 (webtiles) character file.

Game seed: 6465216386905099175

11522 mhtbhm the Fencer (level 11, -1/114 HPs)
             Began as a Minotaur Fighter on Oct 3, 2020.
             Was the Champion of Okawaru.
             Killed by divine providence
             ... invoked by an orc high priest
              (10 damage)
             ... in the Dungeon (Sprint IX: "|||||||||||||||||||||||||||||").
             The game lasted 00:05:15 (2103 turns).

mhtbhm the Fencer (Minotaur Fighter)                Turns: 2103, Time: 00:05:16

Health: -1/114     AC: 15    Str: 24    XL:     11   Next: 50%
Magic:  10/10      EV: 16    Int:  8    God:    Okawaru [******]
Gold:   1253       SH: 14    Dex: 10    Spells: 10/10 levels left

rFire    . . .     SeeInvis .   a - +2 scimitar (flame)
rCold    . . .     Faith    .   c - +0 kite shield
rNeg     . . .     Spirit   .   b - +1 scale mail
rPois    .         Reflect  .   (helmet restricted)
rElec    .         Harm     .   o - +0 cloak
rCorr    .         Rampage  .   (no gloves)
MR       .....     NoTele   +   t - +0 pair of boots
Stlth    +.........             (no amulet)
HPRegen  0.29/turn              p - +2 ring of evasion
MPRegen  0.12/turn              q - +3 ring of intelligence

@: mighty, weakened
A: retaliatory headbutt, hooves 1, horns 2, slimy green scales 1, blurry vision
1
a: Heroism, Finesse, Renounce Religion


You were in the Dungeon.
You worshipped Okawaru.
Okawaru was exalted by your worship.
You visited 1 branch You collected 1253 gold pieces.

Inventory:

Hand Weapons
 a - a +2 scimitar of flaming (weapon)
Armour
 b - a +1 scale mail (worn)
 c - a +0 kite shield (worn)
 o - a +0 cloak (worn)
 t - a +0 pair of boots (worn)
Jewellery
 p - a +2 ring of evasion (left hand)
 q - a +3 ring of intelligence (right hand)
Wands
 n - a wand of iceblast (6)
Scrolls
 i - a scroll of identify
 j - 2 scrolls of blinking
 l - 7 scrolls of remove curse
 m - 2 scrolls of amnesia
 s - 5 scrolls of enchant weapon
Potions
 d - 3 potions of might
 e - 4 potions of curing
 g - a potion of haste
 h - 4 potions of magic
 r - a potion of brilliance


   Skills:
 + Level 16.1 Fighting
 + Level 18.3 Long Blades
 + Level 13.4 Armour
 + Level 9.3 Dodging
 + Level 2.8 Stealth
 + Level 15.5 Shields
 + Level 0.5 Invocations
 + Level 1.8 Evocations


You had 10 spell levels left.
You didn't know any spells.
Your spell library was empty.

Dungeon Overview and Level Annotations

Branches:
Dungeon (1/1)

Altars:
Cheibriados
Dithmenos
Elyvilon
Fedhas
Gozag
Hepliaklqana
Kikubaaqudgha
Makhleb
Nemelex Xobeh
Okawaru
Qazlal
Ru
Sif Muna
Trog
Uskayaw
Vehumet
Wu Jian
Xom
Yredelemnul
Zin
The Shining One
Beogh
Jiyva
Lugonu

Shops:
D [[[(


Innate Abilities, Weirdness & Mutations

You reflexively headbutt those who attack you in melee.
You have a pair of horns on your head.
You have large cloven feet.
You are partially covered in slimy green scales. (AC +2)
Scrolls take you a little longer to read.


Message History

The sun demon is almost dead.
The chaos spawn degenerates into a cloud of primal chaos!
You block the sun demon's attack.
Unknown command.
You hit the sun demon but do no damage.
The sun demon is almost dead.
You block the sun demon's attack.
Unknown command.
You slice the sun demon!!
You kill the sun demon!
The orc knight is engulfed in seething chaos.
Unknown command.
You hit the orc high priest. You burn the orc high priest.
Your headbutt misses the orc high priest.
The orc high priest is lightly wounded.
The orc knight is engulfed in seething chaos.
The orc knight evaporates and reforms as a mana viper!
The orc high priest invokes the aid of Beogh against you.
Beogh smites you!
You die...

____________'..).[[...(.....('([)
▓▓▓▓▓▓▓▓▓▓▓▓▓▓▓▓▓▓▓▓▓▓▓▓▓▓▓▓▓▓▓▓▓
.................................
▓▓▓▓▓▓▓▓▓▓▓▓▓▓▓▓▓▓▓▓▓▓▓▓▓▓▓▓▓▓▓▓▓
..)÷........†..........?.'..[[[..
▓▓▓▓▓▓▓▓▓▓▓▓▓▓▓▓▓▓▓▓▓▓▓▓▓▓▓▓▓▓▓▓▓
.................................
▓▓▓▓▓▓▓▓▓▓▓▓▓▓▓▓▓▓▓▓▓▓▓▓▓▓▓▓▓▓▓▓▓
)))))).....)[))$@oS§ooo∩
▓▓▓▓▓▓▓▓▓▓▓▓▓▓▓▓▓▓▓▓▓▓▓▓


You could see an orc knight (strong), 3 orc high priests and a mana viper.

Vanquished Creatures
  An ettin (D)
  A centaur warrior (D)
  4 orc high priests (D)
  2 orc knights (D)
  A cyclops (D)
  2 orc sorcerers (D)
  4 cane toads (D)
  A black mamba (D)
  A komodo dragon (D)
  A troll (D)
  2 blink frogs (D)
  A hippogriff (D)
  A yak (D)
  A wyvern (D)
  3 basilisks (D)
  A vampire mosquito (D)
  A porcupine (D)
  3 water moccasins (D)
  A phantom (D)
  10 orc warriors (D)
  A centaur (D)
  2 crocodiles (D)
  6 bullfrogs (D)
  A big kobold (D)
  2 howler monkeys (D)
  A hound (D)
  2 jellies (D)
  2 orc priests (D)
  4 orc wizards (D)
  2 worker ants (D)
  An adder skeleton (D)
  A worm (D)
  A leopard gecko (D)
  6 orcs (D)
  A hobgoblin (D)
  A jackal (D)
  2 bats (D)
  A rat (D)
79 creatures vanquished.

Notes
Turn   | Place    | Note
-------+----------+-------------------------------------------
     0 | D        | mhtbhm the Minotaur Fighter began the quest for the Orb.
     0 | D        | Reached XP level 1. HP: 19/19 MP: 0/0
   251 | D        | Noticed a phantom
   251 | D        | Noticed a howler monkey
   251 | D        | Noticed a jelly
   268 | D        | Killed a phantom
   268 | D        | Reached skill level 4 in Long Blades
   268 | D        | Reached skill level 1 in Dodging
   268 | D        | Reached XP level 2. HP: 19/30 MP: 1/1
   268 | D        | Reached XP level 3. HP: 23/37 MP: 2/2
   268 | D        | Reached XP level 4. HP: 28/44 MP: 3/3
   270 | D        | Reached skill level 5 in Long Blades
   272 | D        | Reached XP level 5. HP: 33/51 MP: 4/4
   513 | D        | Found a roughly hewn altar of Beogh.
   513 | D        | Found a snail-covered altar of Cheibriados.
   513 | D        | Found a shadowy altar of Dithmenos.
   513 | D        | Found a white marble altar of Elyvilon.
   513 | D        | Found a blossoming altar of Fedhas.
   513 | D        | Found an opulent altar of Gozag.
   514 | D        | Found a hazy altar of Hepliaklqana.
   515 | D        | Found a viscous altar of Jiyva.
   516 | D        | Found an ancient bone altar of Kikubaaqudgha.
   517 | D        | Found a corrupted altar of Lugonu.
   518 | D        | Found a burning altar of Makhleb.
   519 | D        | Found a sparkling altar of Nemelex Xobeh.
   520 | D        | Found an iron altar of Okawaru.
   521 | D        | Found a stormy altar of Qazlal.
   522 | D        | Found a sacrificial altar of Ru.
   523 | D        | Found a shimmering blue altar of Sif Muna.
   524 | D        | Found a bloodstained altar of Trog.
   525 | D        | Found a hide-covered altar of Uskayaw.
   526 | D        | Found a radiant altar of Vehumet.
   527 | D        | Found an ornate altar of the Wu Jian Council.
   528 | D        | Became a worshipper of Warmaster Okawaru
   529 | D        | Found a shimmering altar of Xom.
   530 | D        | Found a basalt altar of Yredelemnul.
   531 | D        | Found a glowing silver altar of Zin.
   532 | D        | Found a glowing golden altar of the Shining One.
   579 | D        | Noticed a wyvern
   582 | D        | Killed a wyvern
   582 | D        | Reached skill level 7 in Long Blades
   582 | D        | Reached XP level 6. HP: 59/61 MP: 5/5
   584 | D        | Reached * piety under Okawaru
   589 | D        | Reached skill level 8 in Long Blades
   697 | D        | Noticed a cyclops
   697 | D        | Noticed a troll
   697 | D        | Noticed a centaur warrior
   706 | D        | Killed a cyclops
   706 | D        | Reached ** piety under Okawaru
   706 | D        | Reached skill level 10 in Long Blades
   706 | D        | Reached skill level 10 in Armour
   706 | D        | Reached skill level 10 in Shields
   706 | D        | Reached XP level 7. HP: 71/71 MP: 6/6
   709 | D        | Killed a troll
   709 | D        | Reached skill level 10 in Fighting
   709 | D        | Reached skill level 11 in Long Blades
   709 | D        | Reached XP level 8. HP: 79/79 MP: 7/7
   714 | D        | Killed a centaur warrior
   714 | D        | Reached *** piety under Okawaru
   714 | D        | Reached skill level 12 in Long Blades
   714 | D        | Reached skill level 5 in Dodging
   940 | D        | Gained mutation: You have large cloven feet. [potion of
                  | mutation]
   940 | D        | Gained mutation: Scrolls take you a little longer to read.
                  | [potion of mutation]
   940 | D        | Gained mutation: You are partially covered in slimy green
                  | scales. (AC +2) [potion of mutation]
   960 | D        | Reached XP level 9. HP: 89/89 MP: 8/8
   963 | D        | Reached **** piety under Okawaru
   963 | D        | Reached skill level 13 in Long Blades
   968 | D        | Noticed a komodo dragon
   981 | D        | Killed a komodo dragon
   981 | D        | Reached skill level 14 in Long Blades
   997 | D        | Reached ***** piety under Okawaru
  1195 | D        | Noticed a black mamba
  1207 | D        | Reached skill level 15 in Long Blades
  1213 | D        | Killed a black mamba
  1232 | D        | Reached XP level 10. HP: 62/99 MP: 9/9
  1237 | D        | Received a gift from Okawaru
  1408 | D        | Noticed a cane toad
  1408 | D        | Noticed a cane toad
  1409 | D        | Noticed a cane toad
  1411 | D        | Noticed a cane toad
  1412 | D        | Killed a cane toad
  1412 | D        | Reached skill level 16 in Long Blades
  1422 | D        | Killed a cane toad
  1424 | D        | Killed a cane toad
  1428 | D        | Killed a cane toad
  1665 | D        | Noticed an orc sorcerer
  1675 | D        | Noticed an ettin
  1682 | D        | Killed an orc sorcerer
  1682 | D        | Reached skill level 17 in Long Blades
  1697 | D        | Killed an ettin
  1697 | D        | Received a gift from Okawaru
  1697 | D        | Reached skill level 1 in Stealth
  1927 | D        | Noticed an orc sorcerer
  1945 | D        | Killed an orc sorcerer
  1945 | D        | Reached skill level 1 in Evocations
  1945 | D        | Reached XP level 11. HP: 108/111 MP: 10/10
  1947 | D        | Reached ****** piety under Okawaru
  1970 | D        | Reached skill level 15 in Fighting
  2038 | D        | Found Qeuph's Antique Armour Emporium.
  2038 | D        | Noticed an orc high priest
  2038 | D        | Noticed an orc knight
  2038 | D        | Noticed an orc high priest
  2038 | D        | Noticed an orc knight
  2038 | D        | Noticed an orc high priest
  2039 | D        | Noticed an orc high priest
  2046 | D        | Killed an orc high priest
  2049 | D        | Noticed a sixfirhy
  2051 | D        | Killed an orc knight
  2059 | D        | Killed an orc high priest
  2059 | D        | Reached skill level 18 in Long Blades
  2059 | D        | Reached skill level 15 in Shields
  2060 | D        | Found Xuilepei's Armour Shoppe.
  2060 | D        | Noticed an orc high priest
  2064 | D        | Killed an orc knight
  2070 | D        | Noticed a sixfirhy
  2071 | D        | Killed an orc high priest
  2071 | D        | Received a gift from Okawaru
  2080 | D        | Killed an orc high priest
  2081 | D        | Found Teutt's Armour Emporium.
  2081 | D        | Noticed an orc knight
  2085 | D        | Noticed an orc high priest
  2087 | D        | Found Fyatsat's Antique Weapon Shoppe.
  2087 | D        | Noticed an orc knight
  2087 | D        | HP: 5/114 [orange demon[an orc high priest] (8)]
  2089 | D        | Noticed an orc high priest
  2095 | D        | Noticed a sun demon
  2103 | D        | Noticed a mana viper
  2103 | D        | an orc knight changed into a mana viper
  2103 | D        | Killed from afar by an orc high priest

Illustrated notes

Levels and vault maps discovered:
D:        linesprint [early_d, line_temple, items_1, d_10, items_2, lair_1,
          lair_end, items_3, orc_1, orc_end, items_4, d_15, swamp_1, shoals_1,
          snake_1, spider_1, d_20, vaults_1, items_5, swamp_end, shoals_end,
          snake_end, spider_end, vaults_end, d_27, items_6, zot_1, zot_end,
          crypt_end, forest_end, elf_end, slime_end, tomb_end, abyss_end,
          pan_hell_end]

Skill      XL: |  1  2  3  4  5  6  7  8  9 10 11 |
---------------+----------------------------------+-----
Fighting       | 6 8 9 10 11 12 14 16 | 16.1
Armour         | 6 7 8 10 11 12 13 | 13.4
Shields        | 6 7 9 10 11 12 13 14 15 | 15.5
Long Blades    | 4 5 7 10 11 12 15 17 18 | 18.3
Dodging        | 1 2 4 5 6 8 9 |  9.3
Stealth        | 1 2 |  2.8
Evocations     | 1 |  1.8
Invocations    | |  0.5

Action                   |  1- 3 |  4- 6 |  7- 9 | 10-12 || total
-------------------------+-------+-------+-------+-------++-------
Melee: Long sword        |    32 |     8 |       |       ||    40
       Headbutt          |     6 |     6 |    10 |    33 ||    55
       Scimitar          |       |    22 |    70 |   159 ||   251
       Kick              |       |       |    21 |    12 ||    33
Invok: Heroism           |       |       |       |     2 ||     2
Evoke: Wand              |       |       |       |     4 ||     4
  Use: Potion            |       |     2 |     2 |     8 ||    12
 Stab: Invisible         |       |       |       |     4 ||     4
Armor: Scale mail        |    14 |     5 |    22 |    17 ||    58
Dodge: Dodged            |     9 |    12 |    16 |    32 ||    69
Block: Kite shield       |    18 |    12 |    22 |    66 ||   118
       Rpst.: Long sword |     2 |     3 |       |       ||     5
       Scimitar          |       |     2 |     3 |     8 ||    13

Table legend: (Time is in decaauts)
 A = Elapsed time spent in this place.
 B = Non-inter-level travel time spent in this place.
 C = Inter-level travel time spent in this place.
 D = Time resting spent in this place.
 E = Time spent auto-exploring this place.
 F = Levels seen in this place.
 G = Mean time per level.
                   A        B        C        D        E       F      G
               +--------+--------+--------+--------+--------+-----+--------+
         Total |   2059 |   2059 |      0 |   1141 |    331 |   1 | 2059.0 |
       Dungeon |   2059 |   2059 |      0 |   1141 |    331 |   1 | 2059.0 |
               +--------+--------+--------+--------+--------+-----+--------+

Top non-repeatable levels by time:
       D: 2059 daAuts
